 Dungeon Crawl Stone Soup version 0.18.1-8-gdd0e5ea (webtiles) character file.

181 Loading the Chopper (level 5, 0/47 HPs)
             Began as a Hill Orc Fighter on May 29, 2016.
             Slain by a gnoll
             ... wielding a +0 whip
              (6 damage)
             ... on level 4 of the Dungeon.
             The game lasted 00:03:45 (2884 turns).

Loading the Chopper (Hill Orc Fighter)              Turns: 2884, Time: 00:03:45

Health: 0/47       AC:  7    Str: 24    XL:     5   Next: 61%
Magic:  5/5        EV:  9    Int:  8    God:
Gold:   88         SH:  0    Dex: 11    Spells: 0 memorised, 4 levels left

rFire  . . .     SeeInvis .     a - +0 war axe
rCold  . . .     Gourm    .     b - +0 scale mail
rNeg   . . .     Faith    .     (no shield)
rPois  .         Spirit   .     (no helmet)
rElec  .         Dismiss  .     (no cloak)
rCorr  +         Reflect  .     (no gloves)
SustAt .         Harm     +     (no boots)
MR     .....                    t - amulet of harm
Stlth  ..........               (no ring)
                                g - ring of resist corrosion

@: mighty, lethally poisoned (0 -> -1), not resistant to hostile enchantments,
extremely unstealthy
A: no striking features
a: no special abilities


You were on level 4 of the Dungeon.
You were not hungry.

You visited 1 branch of the dungeon, and saw 4 of its levels.

You collected 88 gold pieces.

Inventory:

Hand Weapons
 a - a +0 war axe (weapon)
Armour
 b - a +0 scale mail (worn)
 c - a +0 shield
Jewellery
 g - a ring of resist corrosion (left hand)
 k - an uncursed amulet of magic regeneration
 t - an amulet of harm (around neck)
Wands
 p - a wand of lightning (5/15)
Scrolls
 h - a scroll of identify {unknown}
 i - a scroll of recharging {unknown}
 j - 2 scrolls of fog {unknown}
 n - 2 scrolls of teleportation {unknown}
 o - 2 scrolls of remove curse
Potions
 e - 3 potions of flight {unknown}
 l - a potion of cancellation {unknown}
 m - a potion of resistance {unknown}
 q - a potion of agility {unknown}
Comestibles
 f - 2 bread rations
 r - a meat ration
 s - a beef jerky


   Skills:
 + Level 4.9 Fighting
 * Level 5.5 Axes
 + Level 4.3 Armour
 - Level 3.2 Shields


You had 4 spell levels left.
You didn't know any spells.

Dungeon Overview and Level Annotations

Branches:
Dungeon (4/15)
 Temple: D:4-7

Altars:


Message History

You kill the gnoll shaman!
You feel sick.
You slice the giant newt!!
You kill the giant newt!
You slash the gnoll!
You kill the gnoll!
You closely miss the gnoll. The gnoll hits you with a whip.
* * * LOW HITPOINT WARNING * * *
You barely miss the gnoll. You slash the gnoll!
You kill the gnoll!
The gnoll closely misses you.
You hit the gnoll.
The gnoll is lightly wounded.
You feel sick. The gnoll hits you but does no damage.
You slash the gnoll!
The gnoll is severely wounded.
The gnoll hits you with a whip.
* * * LOW HITPOINT WARNING * * *
The gnoll hits you with a whip.
You die...

### #..
###.#
...###
#.)..# ####
#@#.# .g...
#g#.##..$.g
#.#..g.....
#!.<.%#
##.g..#
#....#
#....#
#....#
#....#


You could see a gnoll.

Vanquished Creatures
  A gnoll shaman (D:4)
  4 gnolls (D:4)
  7 adders
  An ooze (D:3)
  A worm (D:2)
  A dart slug (D:1)
  3 giant geckos
  2 giant cockroaches
  4 goblins
  4 hobgoblins
  7 kobolds
  A ball python (D:2)
  4 bats
  2 giant newts
  6 rats
48 creatures vanquished.

Notes
Turn   | Place    | Note
--------------------------------------------------------------
     0 | D:1      | Loading the Hill Orc Fighter began the quest for the Orb.
     0 | D:1      | Reached XP level 1. HP: 19/19 MP: 1/1
   149 | D:1      | Reached skill level 3 in Axes
   200 | D:1      | Reached XP level 2. HP: 26/27 MP: 2/2
   381 | D:1      | You fall through a shaft!
   695 | D:2      | Reached XP level 3. HP: 33/33 MP: 3/3
   715 | D:2      | Reached skill level 4 in Axes
  1175 | D:2      | Reached XP level 4. HP: 40/40 MP: 4/4
  1846 | D:3      | Found a faded altar to an unknown god.
  2876 | D:4      | Reached skill level 5 in Axes
  2876 | D:4      | Reached XP level 5. HP: 15/47 MP: 5/5
  2884 | D:4      | Slain by a gnoll

Skill      XL: |  1  2  3  4 |
---------------+-------------+-----
Axes           | 3 4 5 |  5.5
Fighting       | 4 |  4.9
Armour         | 4 |  4.3
Shields        | |  3.2

Action                   |  1- 3 |  4- 6 || total
-------------------------+-------+-------++-------
Melee: War axe           |    64 |   104 ||   168
  Use: Scroll            |     1 |       ||     1
       Potion            |       |     1 ||     1
  Eat: Chunk             |     1 |     1 ||     2
       Beef jerky        |       |     2 ||     2
       Pizza             |       |     1 ||     1
Armor: Scale mail        |    35 |    58 ||    93
Dodge: Dodged            |    20 |    65 ||    85
